 Dungeon Crawl Stone Soup version 0.25.1-1-g288607f5aa (webtiles) character file.

Game seed: 17060203669266171980

27 funkygono the Firebug (level 2, -2/20 HPs)
             Began as a Draconian Fire Elementalist on July 19, 2020.
             Slain by Terence
             ... wielding a +0 falchion
              (4 damage)
             ... on level 2 of the Dungeon.
             The game lasted 00:03:10 (1049 turns).

funkygono the Firebug (Draconian Fire Elementalist) Turns: 1049, Time: 00:03:11

Health: -2/20      AC:  4    Str: 10    XL:     2   Next: 93%
Magic:  0/5        EV: 13    Int: 15    God:
Gold:   51         SH:  0    Dex: 17    Spells: 4/5 levels left

rFire    . . .     SeeInvis .   c - +0 short sword
rCold    . . .     Gourm    .   (no shield)
rNeg     . . .     Faith    .   (armour unavailable)
rPois    .         Spirit   .   (helmet restricted)
rElec    .         Reflect  .   (no cloak)
rCorr    .         Harm     .   (no gloves)
MR       .....                  (no boots)
Stlth    ++........             g - amulet of regeneration
HPRegen  0.46/turn              e - +6 ring of dexterity
MPRegen  0.09/turn              (no ring)

@: no status effects
A: unfitting armour, cold-blooded, AC +4
a: no special abilities


You were on level 2 of the Dungeon.
You were very hungry.

You visited 1 branch of the dungeon, and saw 2 of its levels.

You collected 51 gold pieces.

Inventory:

Hand Weapons
 c - a +0 short sword (weapon)
Jewellery
 e - a +6 ring of dexterity (left hand)
 g - an amulet of regeneration (around neck)
Potions
 h - a potion of magic {unknown}
 j - 2 potions of curing {unknown}
 k - a potion of degeneration {unknown}
Comestibles
 b - 2 rations


   Skills:
 + Level 2.0 Dodging
 + Level 1.9 Stealth
 + Level 2.3 Spellcasting
 * Level 1.4 Conjurations
 * Level 3.4 Fire Magic


You had 4 spell levels left.
You knew the following spells:

 Your Spells              Type           Power        Failure   Level  Hunger
a - Foxfire               Conj/Fire      #...         8%          1    #......

Your spell library contained the following spells:

 Spells                   Type           Power        Failure   Level  Hunger
 Conjure Flame            Conj/Fire      #.......     24%         3    ###....
 Inner Flame              Hex/Fire       #.......     32%         3    ###....
 Sticky Flame             Conj/Fire      #.......     61%         4    #####..
 Fireball                 Conj/Fire      #.........   91%         5    ######.


Dungeon Overview and Level Annotations

Branches:
Dungeon (2/15)

Altars:

Annotations:
D:2 Terence


Innate Abilities, Weirdness & Mutations

Your plain brown scales are hard. (AC +4)
You cannot fit into any form of body armour.
You are cold-blooded and may be slowed by cold attacks.


Message History

Terence is severely wounded.
Terence hits you with a +0 falchion.
You hit Terence.
Terence is almost dead.
Terence hits you with a +0 falchion.
You hit Terence but do no damage.
Terence is almost dead.
Terence misses you.
Casting: Foxfire (safe; 8% risk of failure)
Confirm with . or Enter, or press ? or * to list all spells.
You conjure some foxfire!
Terence hits you with a +0 falchion!
* * * LOW HITPOINT WARNING * * *
You closely miss Terence.
Terence is severely wounded.
The foxfire hits Terence but does no damage.
Terence is severely wounded.
The foxfire hits Terence but does no damage.
Terence is severely wounded.
Terence hits you with a +0 falchion.
You die...

.# #. .## ..# ..
...# .#
#...######.#
#.........#
#......#
#..@@###########
#..#.ยง..<.......
#....###########
.......#.##
#####..#.# #?.#.#
#..#.. #.?#..
#..#...


You could see Terence.

Vanquished Creatures
  3 goblins (D:1)
  3 hobgoblins (D:1)
  3 jackals (D:1)
  6 kobolds (D:1)
  3 bats
  4 frilled lizards (D:1)
  4 rats
26 creatures vanquished.

Vanquished Creatures (others)
  63 foxfires
63 creatures vanquished.

Grand Total: 89 creatures vanquished

Notes
Turn   | Place    | Note
-------+----------+-------------------------------------------
     0 | D:1      | funkygono the Draconian Fire Elementalist began the quest
                  | for the Orb.
     0 | D:1      | Reached XP level 1. HP: 14/14 MP: 3/3
   167 | D:1      | Reached XP level 2. HP: 20/20 MP: 1/5
  1015 | D:2      | Noticed Terence
  1048 | D:2      | HP: 1/20 [Terence/+0 falchion (7)]
  1049 | D:2      | Slain by Terence

Illustrated notes

Levels and vault maps discovered:
D:1:      tarquinn_simple_flora_water_c, layout_loops_ring
D:2:      layout_loops_ring, nicolae_overflow_crystal_walls, marbit_many_paths,
          minmay_cupped, uniq_terence, uniq_natasha

Skill      XL: |  1  2 |
---------------+-------+-----
Dodging        | 2 |  2.0
Stealth        | |  1.9
Spellcasting   | |  2.3
Conjurations   | |  1.4
Fire Magic     | |  3.4

Action                   || total
-------------------------++-------
Melee: Tailslap          ||     5
       Unarmed           ||     1
       Short sword       ||    25
 Cast: Foxfire           ||    43
  Use: Scroll            ||     5
Armor: Skin              ||     5
Dodge: Dodged            ||    27
